 Dungeon Crawl Stone Soup version 0.28-a0-390-gb254ac4902 (webtiles) character file.

Game seed: 1456533344437751551

382 bande the Skirmisher (level 6, 0/39 HPs)
             Began as a Gargoyle Fighter on Sept 3, 2021.
             Killed by divine providence
             ... invoked by an orc priest
              (16 damage)
             ... on level 3 of the Dungeon.
             The game lasted 00:04:21 (2799 turns).

bande the Skirmisher (Gargoyle Fighter)             Turns: 2799, Time: 00:04:21

Health: 0/39       AC: 13    Str: 21    XL:     6   Next: 76%
Magic:  6/6        EV:  9    Int:  8    God:
Gold:   128        SH:  5    Dex: 10    Spells: 5/5 levels left

rFire   . . .      SeeInvis .   a - +1 war axe
rCold   . . .      Faith    .   c - +1 buckler
rNeg    + . .      Spirit   .   b - +0 scale mail
rPois   ∞          Reflect  .   (no helmet)
rElec   +          Harm     .   n - +1 cloak
rCorr   .          Rampage  .   (no gloves)
Will    .....                   (no boots)
Stlth   ..........              (no amulet)
HPRegen 0.13/turn               (no ring)
MPRegen 0.10/turn               (no ring)

@: no status effects
A: sickness immunity, AC +4, negative energy resistance 1, electricity
resistance, torment resistance 1, petrification resistance
a: no special abilities


You were on level 3 of the Dungeon.
You visited 1 branch of the dungeon, and saw 3 of its levels.

You collected 128 gold pieces.

Inventory:

Hand Weapons
 a - a +1 war axe (weapon)
Armour
 b - a +0 scale mail (worn)
 c - a +1 buckler (worn)
 n - a +1 cloak (worn)
Scrolls
 h - a scroll of fear
 l - a scroll of teleportation
 m - 3 scrolls of fog {unknown}
Potions
 d - a potion of might
 f - a potion of curing {unknown}
 g - a potion of berserk rage {unknown}
 i - 3 potions of attraction {unknown}
 j - a potion of invisibility {unknown}
 k - a potion of heal wounds {unknown}


   Skills:
 + Level 4.6 Fighting
 + Level 4.5 Axes
 + Level 4.4 Armour
 - Level 0.1 Dodging
 + Level 4.2 Shields


You had 5 spell levels left.
You didn't know any spells.
Your spell library was empty.

Dungeon Overview and Level Annotations

Branches:
Dungeon (3/15)

Altars:
Ru

Shops:
D:2 (


Innate Abilities, Weirdness & Mutations

You are immune to sickness and miasma.
Your stone body is resilient. (AC +4)
You are immune to poison.
You resist negative energy. (rN+)
You are resistant to electric shocks. (rElec)
You are resistant to unholy torment.
You are immune to petrification.


Message History

You hear some strange, mumbled words.
Something tries to affect you, but you resist.
The orc priest hits you with a +0 dagger.
* * * LOW HITPOINT WARNING * * *
You barely miss something. You completely miss the orc priest.
Something hits you but does no damage. You block the orc priest's attack.
You miss something. You barely miss the orc priest.
Something hits you but does no damage. You block the orc priest's attack.
Unknown command.
You miss something.
You hit the orc priest but do no damage.
You hear some strange, mumbled words.
Something tries to affect you, but you resist.
You block the orc priest's attack.
You hear some strange, mumbled words.
A magic dart appears from out of thin air!
The magic dart hits you.
* * * LOW HITPOINT WARNING * * *
You are confused.
You feel invigorated.
The orc priest hits you but does no damage.
Something hits you but does no damage.
The orc priest invokes the aid of Beogh against you.
Beogh smites you!
* * * LOW HITPOINT WARNING * * *
Something hits you but does no damage.
Unknown command.
Unknown command.
You closely miss the orc priest.
The orc priest is severely wounded.
You miss something. The orc priest barely misses you.
Something hits you but does no damage.
The orc priest hits you but does no damage.
You feel less invigorated.
You feel less confused.
You hear some strange, mumbled words.
Something tries to affect you, but you resist.
The orc priest mumbles some strange prayers to Beogh against you.
Beogh smites you!
You die...

##.<........##
#............######
#.................#
#.......#########.#
##.....###........#
##....##..#...#..##
###..#$..........#
##...#⌠...o......####
#..#.#$...{@........#
#.##.##..#...#......#
######.# .###............#
....#..##..#########.....#
...................).....#
...............#.))).....#
.........................#
.........................#
≈........................#


You could see an orc priest.

Vanquished Creatures
  Sigmund (D:2)
  2 orc wizards (D:3)
  Natasha (thrice) (D:2)
  5 adders
  4 worms
  A dart slug (D:2)
  7 orcs (D:3)
  5 ball pythons
  5 endoplasms
  3 goblins (D:1)
  2 hobgoblins
  4 jackals (D:1)
  A quokka (D:1)
  5 bats
  3 frilled lizards
  2 kobolds (D:1)
  2 rats
55 creatures vanquished.

Notes
Turn   | Place    | Note
-------+----------+-------------------------------------------
     0 | D:1      | bande the Gargoyle Fighter began the quest for the Orb.
     0 | D:1      | Reached XP level 1. HP: 14/14 MP: 1/1
   225 | D:1      | Reached XP level 2. HP: 19/19 MP: 2/2
   227 | D:1      | Found a faded altar of an unknown god.
   704 | D:1      | Reached XP level 3. HP: 18/24 MP: 3/3
  1013 | D:2      | Noticed Natasha
  1022 | D:2      | Killed Natasha
  1114 | D:2      | Noticed Natasha
  1125 | D:2      | Killed Natasha
  1126 | D:2      | Reached XP level 4. HP: 25/29 MP: 4/4
  1169 | D:2      | Found a sacrificial altar of Ru.
  1177 | D:2      | Noticed Sigmund
  1184 | D:2      | Killed Sigmund
  1185 | D:2      | Reached XP level 5. HP: 24/34 MP: 5/5
  1464 | D:2      | Reached XP level 6. HP: 39/39 MP: 6/6
  1681 | D:2      | Noticed Natasha
  1687 | D:2      | Killed Natasha
  1813 | D:2      | Found Neelliy's Antique Weapon Shoppe.
  2799 | D:3      | Killed from afar by an orc priest

Illustrated notes

Levels and vault maps discovered:
D:1:      mrwooster_arrival_arrow, layout_basic,
          hellmonk_ecumenical_altar_blasted, minmay_small_reverse_x
D:2:      layout_loops_corners, serial_shops, nicolae_shop_window_shopping,
          basic_altar, chequers_mini_garden, uniq_sigmund, uniq_natasha
D:3:      cheibrodos_pilgrimage, layout_rooms, mainiacjoe_overflow_paths,
          nicolae_elyvilon_peaceful_grove, kennysheep_big_empty_room,
          grunt_ministairs_14, minivault_14, serial_bayou_lake_a

Skill      XL: |  1  2  3  4  5  6 |
---------------+-------------------+-----
Axes           | 2 3 4 |  4.5
Fighting       | 4 |  4.6
Armour         | 4 |  4.4
Shields        | 4 |  4.2
Dodging        | |  0.1

Action                   |  1- 3 |  4- 6 || total
-------------------------+-------+-------++-------
Melee: War axe           |    73 |    99 ||   172
  Use: Scroll            |     3 |     3 ||     6
       Potion            |       |     1 ||     1
Armor: Scale mail        |    51 |    45 ||    96
Dodge: Dodged            |    40 |    38 ||    78
Block: Buckler           |    24 |    27 ||    51

Table legend: (Time is in decaauts)
 A = Elapsed time spent in this place.
 B = Non-inter-level travel time spent in this place.
 C = Inter-level travel time spent in this place.
 D = Time resting spent in this place.
 E = Time spent auto-exploring this place.
 F = Levels seen in this place.
 G = Mean time per level.
                   A        B        C        D        E       F      G
               +--------+--------+--------+--------+--------+-----+--------+
         Total |   2876 |   2876 |      0 |    130 |   2219 |   3 |  958.7 |
       Dungeon |   2876 |   2876 |      0 |    130 |   2219 |   3 |  958.7 |
               +--------+--------+--------+--------+--------+-----+--------+

Top non-repeatable levels by time:
     D:2: 1439 daAuts
     D:1: 953 daAuts
     D:3: 483 daAuts
